 Dungeon Sprint DCSS version 0.28.0-45-g0d030f2227 (webtiles) character file.

Game seed: 8826812126302770833

6939 Groucho the Naga Aeon (level 11, -3/115 HPs)
             Began as a Naga Fighter on Apr 5, 2022.
             Was the Champion of Cheibriados.
             Killed from afar by a fire dragon (42 damage)
             ... with a blast of flame
             ... in the Dungeon (Sprint VII: "The Pits").
             The game lasted 00:08:30 (3386 turns).

Groucho the Naga Aeon (Naga Fighter)                Turns: 3386, Time: 00:08:30

Health: -3/115     AC: 21    Str: 34    XL:     11   Next: 7%
Magic:  11/20      EV:  7    Int: 23    God:    Cheibriados [******]
Gold:   0          SH:  9    Dex: 33    Spells: 10/10 levels left

rFire   . . .      SeeInvis +   y - +1 broad axe (vorpal)
rCold   . . .      Faith    .   c - +0 buckler
rNeg    . . .      Spirit   .   u - +4 chain mail
rPois   +          Reflect  .   (no helmet)
rElec   .          Harm     .   v - +0 cloak
rCorr   .          Rampage  .   w - +0 pair of gloves
Will    +....      NoTele   +   (no barding)
Stlth   ..........              (no amulet)
HPRegen 0.29/turn               b - +3 ring of protection
MPRegen 0.17/turn               r - +3 ring of dexterity

@: very slow
A: AC +3, large, see invisible, deformed body, poison resistance, slowness 2,
spit poison 1, naga tail 1
a: Spit Poison, Renounce Religion, Bend Time, Temporal Distortion, Slouch, Step
From Time


You were in the Dungeon.
You worshipped Cheibriados.
Cheibriados was exalted by your worship.
You visited 1 branch

Inventory:

Hand Weapons
 x - a +2 vorpal morningstar
 y - a +1 vorpal broad axe (weapon)
Missiles
 n - 14 stones
Armour
 c - a +0 buckler (worn)
 u - a +4 chain mail (worn)
 v - a +0 cloak (worn)
 w - a +0 pair of gloves (worn)
Jewellery
 b - a +3 ring of protection (left hand)
 r - a +3 ring of dexterity (right hand)
Scrolls
 j - a scroll of blinking
 o - 5 scrolls of amnesia
 p - a scroll of summoning
Potions
 d - a potion of might
 e - 7 potions of curing
 f - 7 potions of heal wounds
 g - 4 potions of haste
 h - 4 potions of magic
 i - 3 potions of berserk rage
 m - 2 potions of invisibility
 s - a potion of brilliance
 t - 2 potions of mutation


   Skills:
 + Level 12.4 Fighting
 + Level 12.0 Axes
 + Level 10.6 Armour
 + Level 10.5 Shields
 + Level 12.4 Invocations


You had 10 spell levels left.
You didn't know any spells.
Your spell library was empty.

Dungeon Overview and Level Annotations

Branches:
Dungeon (1/1)

Altars:
Ashenzari
Cheibriados
Dithmenos
Elyvilon
Fedhas
Gozag
Hepliaklqana
Kikubaaqudgha
Makhleb
Nemelex Xobeh
Okawaru
Qazlal
Ru
Sif Muna
Trog
Uskayaw
Vehumet
Wu Jian
Xom
Yredelemnul
Zin
The Shining One
Beogh
Jiyva
Lugonu


Innate Abilities, Weirdness & Mutations

Your serpentine skin is tough. (AC +3)
You have supernaturally acute eyesight. (SInv)
Armour fits poorly on your strangely shaped body.
Your system is resistant to poisons. (rPois)
You cover ground very slowly.
You can spit poison.
You have a snake-like lower body.


Message History

You see here a +0 trident.
Activating: Slouch (1% risk of failure)
Press: ? - help, Dir - look around, f - activate You can feel time thicken for a moment.
The fire dragon roars deafeningly!
The fire dragon breathes flames at you. The blast of flame hits you!!!
* * * LOW HITPOINT WARNING * * *
Unknown command.
Unknown command.
You feel much better.
You feel much better.
You feel much better.
You slash the fire dragon!
The fire dragon is heavily wounded.
The fire dragon bites you! The fire dragon completely misses you.
The fire dragon tramples you.
You stumble backwards!
You closely miss the fire dragon.
The fire dragon is heavily wounded.
The fire dragon breathes flames at you. The blast of flame hits you!!
You hit the fire dragon but do no damage.
The fire dragon is heavily wounded.
The fire dragon bites you! The fire dragon barely misses you.
The fire dragon tramples you but does no damage.
You slash the fire dragon!
The fire dragon is heavily wounded.
The fire dragon bites you! You block the fire dragon's attack.
The fire dragon tramples you but does no damage.
You slash the fire dragon!
The fire dragon is severely wounded.
The fire dragon bites you but does no damage.
You block the fire dragon's attack. The fire dragon tramples you!
You hold your ground!
Unknown command.
You completely miss the fire dragon.
The fire dragon is severely wounded.
The fire dragon breathes flames at you. The blast of flame hits you!!!
You die...

###))###'###...# +##
##..##.....##..# ..#
##..+.......+..+ ..'
##..##.....##..# ..
###..###'###...##'##
# ##...†......##...#
# #...##'##..###...+
##...##...##..##D).#
##..###...###..'@..#
#### ##### ########


You could see a fire dragon (catching breath).

Vanquished Creatures
  A two-headed ogre (D)
  A merfolk avatar (D)
  A boulder beetle (D)
  An anaconda (D)
  A deep troll (D)
  An orc knight (D)
  A deep elf pyromancer (D)
  A deep elf zephyrmancer (D)
  A gargoyle (D)
  A guardian serpent (D)
  2 efreet (D)
  A red devil (D)
  A flying skull (D)
  A wyvern (D)
  A ynoxinul (D)
  A wraith (D)
  A redback (D)
  An acid dragon (D)
  A floating eye (D)
  2 sky beasts (D)
  A centaur (D)
  2 scorpions (D)
  A hound (D)
  A gnoll shaman (D)
  An iguana (D)
  7 gnolls (D)
  A white imp (D)
  An ufetubus (D)
  2 giant cockroaches (D)
  4 jackals (D)
  2 quokkas (D)
  2 bats (D)
  2 frilled lizards (D)
  A giant cockroach zombie (D)
  A kobold (D)
  A quokka zombie (D)
  A rat (D)
53 creatures vanquished.

Vanquished Creatures (others)
  A giant cockroach (D)
1 creature vanquished.

Grand Total: 54 creatures vanquished

Notes
Turn   | Place    | Note
-------+----------+-------------------------------------------
     0 | D        | Groucho the Naga Fighter began the quest for the Orb.
     0 | D        | Reached XP level 1. HP: 21/21 MP: 1/1
     8 | D        | Noticed a scorpion
    14 | D        | Killed a scorpion
    15 | D        | Reached XP level 2. HP: 15/31 MP: 2/2
    15 | D        | Reached XP level 3. HP: 18/38 MP: 3/3
   401 | D        | Found a bloodstained altar of Trog.
   401 | D        | Found a shimmering blue altar of Sif Muna.
   401 | D        | Found a viscous altar of Jiyva.
   401 | D        | Found a hazy altar of Hepliaklqana.
   401 | D        | Found an opulent altar of Gozag.
   402 | D        | Found a glowing golden altar of the Shining One.
   402 | D        | Found a glowing silver altar of Zin.
   402 | D        | Found a basalt altar of Yredelemnul.
   402 | D        | Found a shimmering altar of Xom.
   402 | D        | Found an ornate altar of the Wu Jian Council.
   402 | D        | Found a sacrificial altar of Ru.
   402 | D        | Found a stormy altar of Qazlal.
   402 | D        | Found an iron altar of Okawaru.
   402 | D        | Found a sparkling altar of Nemelex Xobeh.
   402 | D        | Found a burning altar of Makhleb.
   402 | D        | Found a blossoming altar of Fedhas.
   402 | D        | Found a white marble altar of Elyvilon.
   402 | D        | Found a shadowy altar of Dithmenos.
   402 | D        | Found a snail-covered altar of Cheibriados.
   404 | D        | Found a radiant altar of Vehumet.
   404 | D        | Found a corrupted altar of Lugonu.
   405 | D        | Found a hide-covered altar of Uskayaw.
   405 | D        | Found an ancient bone altar of Kikubaaqudgha.
   405 | D        | Found a broken altar of Ashenzari.
   411 | D        | Became a worshipper of Cheibriados the Contemplative
   431 | D        | Reached * piety under Cheibriados
   432 | D        | Reached skill level 5 in Fighting
   432 | D        | Reached XP level 4. HP: 35/46 MP: 4/4
   515 | D        | Reached ** piety under Cheibriados
   516 | D        | Reached skill level 1 in Invocations
   523 | D        | Reached *** piety under Cheibriados
   538 | D        | Noticed a sky beast
   540 | D        | Reached **** piety under Cheibriados
   548 | D        | Killed a sky beast
   549 | D        | Reached skill level 5 in Armour
   549 | D        | Reached XP level 5. HP: 27/55 MP: 4/7
  1064 | D        | Noticed a flying skull
  1066 | D        | Reached ***** piety under Cheibriados
  1066 | D        | Killed a flying skull
  1066 | D        | Reached ****** piety under Cheibriados
  1067 | D        | Reached skill level 5 in Invocations
  1067 | D        | Reached XP level 6. HP: 61/66 MP: 2/10
  1067 | D        | Reached XP level 7. HP: 67/72 MP: 2/11
  1273 | D        | Noticed an orc knight
  1278 | D        | Killed an orc knight
  1279 | D        | Reached XP level 8. HP: 23/82 MP: 1/13
  1557 | D        | Noticed a deep elf pyromancer
  1557 | D        | Noticed an efreet
  1560 | D        | Killed a deep elf pyromancer
  1560 | D        | Killed an efreet
  1561 | D        | Reached XP level 9. HP: 58/93 MP: 3/15
  1928 | D        | Noticed an efreet
  1928 | D        | Noticed a deep elf zephyrmancer
  1928 | D        | Noticed a two-headed ogre
  1930 | D        | Killed an efreet
  1935 | D        | Killed a deep elf zephyrmancer
  1936 | D        | Reached skill level 10 in Fighting
  1939 | D        | Killed a two-headed ogre
  1940 | D        | Reached skill level 10 in Axes
  1940 | D        | Reached skill level 10 in Invocations
  2461 | D        | Noticed a deep troll
  2468 | D        | Killed a deep troll
  2469 | D        | Reached XP level 10. HP: 47/104 MP: 16/18
  2900 | D        | Noticed a merfolk avatar
  2905 | D        | Killed a merfolk avatar
  3317 | D        | Noticed a guardian serpent
  3324 | D        | Killed a guardian serpent
  3325 | D        | Reached skill level 10 in Armour
  3339 | D        | Noticed a gargoyle
  3339 | D        | Noticed an anaconda
  3339 | D        | Noticed a boulder beetle
  3342 | D        | Killed a gargoyle
  3342 | D        | Killed an anaconda
  3343 | D        | Reached skill level 10 in Shields
  3350 | D        | Killed a boulder beetle
  3351 | D        | Reached XP level 11. HP: 53/115 MP: 10/20
  3374 | D        | Noticed a fire dragon
  3386 | D        | Killed from afar by a fire dragon

Illustrated notes

Levels and vault maps discovered:
D:        pitsprint [storerooms_1, entrance_room_1, metal_vault_5, armoury_1,
          mini_pit_1, grid_room_1, main_hall_1, silver_pit, the_coven_3,
          the_vestibule_1, steel_vault_4, golden_pit, hallway_of_sentries,
          crystal_vault_6, iron_vault_5, final_vault]

Skill      XL: |  1  2  3  4  5  6  7  8  9 10 |
---------------+-------------------------------+-----
Fighting       | 4 5 7 8 9 11 12 | 12.4
Axes           | 3 4 6 7 9 10 12 | 12.0
Armour         | 4 5 6 7 8 9 10 | 10.6
Shields        | 3 4 6 7 8 9 10 | 10.5
Invocations    | 3 5 7 9 10 12 | 12.4

Action                   |  1- 3 |  4- 6 |  7- 9 | 10-12 || total
-------------------------+-------+-------+-------+-------++-------
Melee: War axe           |     5 |       |       |       ||     5
       Hand axe          |     7 |    26 |    23 |       ||    56
       Broad axe         |       |       |    17 |    29 ||    46
Invok: Slouch            |       |     1 |     4 |     6 ||    11
  Use: Potion            |       |       |       |     3 ||     3
 Stab: Sleeping          |       |       |     1 |       ||     1
Armor: Scale mail        |     1 |    16 |       |       ||    17
       Ring mail         |       |     1 |    14 |       ||    15
       Chain mail        |       |       |    12 |    16 ||    28
Dodge: Dodged            |     4 |     8 |    14 |    10 ||    36
Block: Buckler           |     5 |     6 |    23 |    14 ||    48
